Selects Australian Defense Battlegroup
Selects Australian Light Infantry Section
Australian Light Infantry Section
Australian Light Infantry Section
Construct Section Command Post
Selects 2-pounder Anti-tank Gun Team
Construct Platoon Command Post
2-pounder Anti-tank Gun Team
Selects CMP 15cwt Supply Run
Construct Company Command Post
Selects Vehicle Over Repair
Australian Light Infantry Section
Unlock Towed 17-pounder Anti-tank Guns
Selects Reinforced Resource Caches
Selects Archer Tank Destroyer
Australian Light Infantry Section